AoeStats
← 夏天九号

Hideout

509550331Analyzed
1v1 RM · 4d ago on Sep 27, 2026· 39m 12s· 2 players
Game mode
Random Map
Map size
Tiny (2 player)
Population
200
Speed
Normal
Resources
Standard
Victory
Conquest
Starting age
Dark Age
Ending age
Imperial Age
RankedLock teamsTeams togetherTeam positionsShared explorationLock speedFull tech treeHidden civsTurbo modeCheats
Victory
Defeat
🇦🇺 Saxons · Australia
1742
+22
🇨🇳 Burgundians · China
1888
-22
Couch Dog
7:10 Loom
9:23 Feudal Age
9:32 Man-at-Arms
10:03 Double-Bit Axe
11:11 Arson
15:05 Fletching
23:23 Castle Age
22:39 Town Watch
23:59 Bodkin Arrow
24:10 Horse Collar
24:52 Guard Tower
25:45 Wheelbarrow
25:57 Bow Saw
28:29 Gold Mining
34:12 Imperial Age
32:40 Stone Mining
33:09 Scale Mail Armor
34:06 Ballistics
35:17 Masonry
35:42 Bracer
36:43 Chemistry
36:12 Murder Holes
夏天九号
3:26 Double-Bit Axe
6:15 Horse Collar
10:55 Feudal Age
10:00 Loom
10:46 Loom
14:36 Castle Age
13:30 Bow Saw
14:48 Fletching
25:15 Gold Mining
26:08 Stone Mining
28:02 Town Watch
29:28 Wheelbarrow
33:53 Imperial Age
33:10 Hand Cart
33:20 Bodkin Arrow
34:13 Gold Shaft Mining
35:15 Stone Shaft Mining
36:44 Conscription
36:38 Husbandry
35:58 Cavalier
37:43 Chemistry
37:04 Ballistics
37:01 Scale Barding Armor
37:09 Forging
38:34 Paladin
Connection lost

Rejoining the realm…

Still unreachable

The connection could not be restored.

Session expired

The server has moved on; the page needs a fresh start.